Map: World of Sleepers LE

Players

CareAgain

  • Race: Zerg Zerg
  • League: Master
  • Spawn Location: 7:00

PvP - Winner!

  • Race: Protoss Protoss
  • League: Master
  • Spawn Location: 1:00

VOD

Have the link to the VOD?

Description

Time

  • Played on: Jan. 9, 2020, 2:19 a.m.
  • Length: 7:35
Show
View Real Time Build Order
Export as new Build Order

CareAgain Zerg 

Build Orders: Hatch First 

Get SALT Encoding   

  12  0:01  Drone  
  13  0:13  Overlord  
  13  0:16  Drone  
  14  0:31  Drone x2  
  16  0:49  Hatchery  
  15  0:52  Drone  
  15  0:55  Drone  
  17  0:59  Drone  
  18  1:10  Extractor  
  17  1:16  Spawning Pool  
  16  1:26  Drone x2  
  16  1:32  Drone  
  19  1:41  Overlord  
  19  2:03  Zergling x4  
  19  2:04  Queen x2  
  19  2:05  Drone  
  26  2:16  Drone x2  
  26  2:22  Drone  
  29  2:27  Drone  
  30  2:35  Hatchery  
  29  2:37  Drone  
  29  2:54  Overlord  
  29  2:55  Drone x4  
  29  2:58  Metabolic Boost  
  33  3:05  Zergling x2  
  34  3:10  Pneumatized Carapace  
  34  3:15  Queen  
  34  3:17  Overlord  
  36  3:30  Overlord x2  
  36  3:31  Drone x3  
  39  3:40  Drone x4  
  43  3:49  Roach Warren  
  43  3:51  Drone x2  
  44  3:56  Queen  
  44  4:00  Extractor  
  44  4:01  Extractor  
  44  4:13  Lair  
  44  4:14  Drone x2  
  46  4:25  Zergling x16  
  46  4:30  Spore Crawler x2  
  52  4:35  Spore Crawler  
  51  4:44  Roach x5  
  62  4:45  Drone x2  
  62  4:52  Drone x3  
  66  5:08  Overlord x3  
  66  5:25  Overlord  
  66  5:30  Overseer  
  68  5:35  Roach  
  68  5:36  Roach x9  
  68  5:40  Zergling x6  
  89  5:54  Ravager  
  89  5:55  Ravager  
  87  6:02  Drone  
  87  6:03  Drone x9  
  97  6:10  Glial Reconstitution  
  97  6:14  Evolution Chamber  
  90  6:33  Hydralisk Den  
  90  6:35  Drone x5  
  90  6:38  Drone x6  
  86  6:47  Drone x2  
  88  6:54  Overlord x2  
  88  7:07  Zergling x6  
Show
View Real Time Build Order
Export as new Build Order

PvP Protoss - Winner!

Build Orders: 1 Gate Expand, Phoenix Opening, Colossus Rush 

Get SALT Encoding   

  12  0:00  Probe  
  13  0:12  Probe  
  14  0:21  Pylon  
  14  0:24  Probe  
  15  0:39  Probe (Chrono Boost)  
  15  0:40  Gateway  
  16  0:48  Probe (Chrono Boost)  
  17  0:51  Assimilator  
  17  0:53  Probe (Chrono Boost)  
  18  1:05  Probe  
  19  1:17  Probe  
  20  1:27  Nexus  
  20  1:35  Cybernetics Core  
  20  1:37  Probe  
  21  1:46  Assimilator  
  21  1:49  Probe  
  22  1:56  Pylon  
  22  2:01  Probe  
  23  2:11  Adept (Chrono Boost)  
  23  2:14  Warp Gate, Probe  
  26  2:26  Probe  
  26  2:28  Robotics Facility  
  27  2:33  Stalker (Chrono Boost)  
  29  2:39  Probe (Chrono Boost)  
  29  2:43  Probe (Chrono Boost)  
  33  2:51  Probe (Chrono Boost)  
  33  2:52  Probe (Chrono Boost)  
  33  2:56  Sentry  
  35  2:58  Probe  
  35  3:02  Gateway  
  35  3:04  Probe  
  37  3:10  Pylon, Probe  
  38  3:19  Robotics Bay  
  38  3:21  Probe  
  38  3:22  Probe  
  38  3:26  Assimilator  
  40  3:33  Probe  
  41  3:34  Assimilator  
  41  3:41  Pylon  
  41  3:42  Probe  
  41  3:45  Probe  
  43  3:50  Phoenix, Warp Prism (Chrono Boost)  
  43  3:51  Pylon  
  43  3:55  Probe  
  46  3:57  Probe  
  47  4:07  Probe  
  47  4:09  Probe  
  49  4:17  Disruptor (Chrono Boost)  
  49  4:19  Probe  
  49  4:21  Gravitic Drive, Probe  
  54  4:31  Probe  
  54  4:33  Probe  
  54  4:34  Gateway  
  54  4:36  Gateway  
  56  4:39  Sentry x2  
  56  4:41  Pylon  
  60  4:45  Disruptor (Chrono Boost)  
  63  4:57  Gateway x2  
  63  4:58  Pylon  
  63  5:11  Colossus (Chrono Boost)  
  69  5:35  Extended Thermal Lance, Gateway  
  69  5:36  Gateway  
  69  5:38  Sentry  
  69  5:40  Pylon  
  71  5:47  Colossus (Chrono Boost)  
  71  5:54  Pylon  
  71  5:56  Sentry, Stalker x2  
  81  6:07  Pylon  
  81  6:09  Sentry, Pylon  
  81  6:10  Stalker  
  85  6:20  Zealot x2  
  89  6:32  Observer  
  86  6:47  Pylon  
  86  6:50  Pylon  
  86  6:52  Stalker x7  
  100  6:54  Stalker  
  100  6:59  Stalker  
  98  7:23  Stalker x4  
  98  7:24  Stalker x2  
Tags
 
Add a new tag
Caveats
  • Supply blocks, unpowered buildings, or Contaminate may cause inaccurate times.
  • Supply counts are checked every 10 seconds.